 Dungeon Crawl Stone Soup version 0.22.1-1-ga44c0e5 (webtiles) character file.

1218 Tamimi the Conjurer (level 8, 0/50 HPs)
             Began as an Octopode Conjurer on Oct 29, 2018.
             Was an Initiate of Vehumet.
             Shot with an arrow by a centaur (11 damage)
             ... on level 6 of the Dungeon.
             The game lasted 00:19:27 (7756 turns).

Tamimi the Conjurer (Octopode Conjurer)             Turns: 7756, Time: 00:19:29

Health: 0/50       AC:  1    Str: 11    XL:     8   Next: 46%
Magic:  5/14       EV: 13    Int: 20    God:    Vehumet [......]
Gold:   235        SH:  0    Dex: 12    Spells: 4/15 levels left

rFire    . . .     SeeInvis .   s - +2 trident
rCold    . . .     Gourm    .   (no shield)
rNeg     . . .     Faith    .   (helmet restricted)
rPois    .         Spirit   .   A - amulet of rage
rElec    .         Reflect  .   w - +4 ring of strength
rCorr    .         Harm     .   (no ring)
MR       .....                  (no ring)
Stlth    +++.......             (no ring)
HPRegen  0.16/turn              (no ring)
MPRegen  0.14/turn              (no ring)
                                (no ring)
                                (no ring)

@: very slightly contaminated
A: almost no armour, stealthy swim, amphibious, 8 rings, constrict 8, camouflage
1, gelatinous body 1
a: Renounce Religion, Evoke Berserk Rage


You were on level 6 of the Dungeon.
You worshipped Vehumet.
Vehumet was noncommittal.
You were not hungry.

You visited 2 branches of the dungeon, and saw 7 of its levels.
You also visited: Sewer.

You collected 235 gold pieces.

Inventory:

Hand Weapons
 s - a +2 trident (weapon)
Missiles
 a - 29 arrows
 c - 200 stones (quivered)
 h - 5 poisoned needles
 l - 16 tomahawks
Jewellery
 w - a +4 ring of strength (left tentacle)
 A - an amulet of rage (around mantle)
Scrolls
 d - a scroll of immolation {unknown}
 e - a scroll of amnesia {unknown}
 f - 4 scrolls of teleportation
 g - 2 scrolls of remove curse
 i - a scroll of noise {unknown}
 j - 2 scrolls of fear {unknown}
 o - 2 scrolls of blinking {unknown}
 r - 3 scrolls of enchant armour {unknown}
 x - 2 scrolls of random uselessness {unknown}
 y - a scroll of identify
Potions
 k - a potion of lignification {unknown}
 m - a potion of brilliance {unknown}
 n - a potion of curing
 p - 3 potions of invisibility {unknown}
 q - 2 potions of haste {unknown}
 t - 2 potions of flight
 u - a potion of heal wounds
 v - a potion of degeneration {unknown}
 B - 2 potions of agility {unknown}
Comestibles
 b - 8 rations


   Skills:
 + Level 2.3 Fighting
 + Level 4.1 Polearms
 - Level 2.0 Dodging
 - Level 2.6 Stealth
 + Level 4.3 Spellcasting
 + Level 6.6 Conjurations
 - Level 2.1 Hexes
 * Level 2.1 Translocations
 * Level 3.2 Fire Magic


You had 4 spell levels left.
You knew the following spells:

 Your Spells              Type           Power        Failure   Level  Hunger
a - Magic Dart            Conj           ####         1%          1    None
b - Searing Ray           Conj           ####..       1%          2    #......
c - Dazzling Spray        Conj/Hex       ###...       6%          3    ###....
d - Conjure Flame         Conj/Fire      ###.....     4%          3    ###....
e - Blink                 Tloc           N/A          8%          2    #......

Your spell library contained the following spells:

 Spells                   Type           Power        Failure   Level  Hunger
 Slow                     Hex            ##......     8%          2    #......
 Iskenderun's Mystic Bla  Conj           ####....     9%          4    ####...
 Mephitic Cloud           Conj/Pois/Air  ##......     16%         3    ###....
 Call Imp                 Summ           #.......     19%         2    #......
 Force Lance              Conj/Tloc      ###.....     21%         4    ####...
 Fulminant Prism          Conj/Hex       ###.......   21%         4    ####...


Dungeon Overview and Level Annotations

Branches:
Dungeon (6/15)             Temple (1/1) D:6

Altars:
Cheibriados
Dithmenos
Fedhas
Hepliaklqana
Kikubaaqudgha
Makhleb
Okawaru
Qazlal
Ru
Sif Muna
Trog
Uskayaw
Vehumet
Wu Jian
Xom


Innate Abilities, Weirdness & Mutations

You cannot wear most types of armour.
You are very stealthy in the water. (Stealth+)
You are amphibious.
You can wear up to eight rings at the same time.
You can use your tentacles to constrict eight enemies at once.
Your skin changes colour to match your surroundings (Stealth+).
Your rubbery body absorbs attacks. (AC +1, EV +1)


Message History

Press: ? - help, Shift-Dir - straight line, f - crimson imp, p - centaur
Aim: a crimson imp The searing ray hits the bullfrog.
The bullfrog is severely wounded. (Press . to maintain the ray.)
The centaur shoots an arrow.
The arrow hits you. The bullfrog hits you.
* * * LOW HITPOINT WARNING * * *
The searing ray hits the bullfrog.
The bullfrog is almost dead.
The bullfrog hits you.
* * * LOW HITPOINT WARNING * * *
The centaur shoots an arrow.
The arrow hits the bullfrog.
The bullfrog dies!
The crimson imp blinks!
The centaur shoots an arrow.
The arrow hits you!
* * * LOW HITPOINT WARNING * * *
You see here an arrow.
You feel much better.
The centaur shoots an arrow.
The arrow hits you!
* * * LOW HITPOINT WARNING * * *
The centaur shoots an arrow.
The arrow hits you!
You die...

...... ##.# #..#
.......#
......##..####..#..#
....
.......#.###.......#
...##...###.###.#.#
#.........#.## .#.#
#.....####....##...#
#......##..[#.#....#
#....#..(.###.#....#
#....####@##......#
.... #.ยง##.#..8..#
##.. #.c(...........
#..#(.....>.....
.........#.........
#........##.8...8..#
#.####.5##........##
. #.. .##...... ..#
.....


You could see a centaur.

Vanquished Creatures
  An ogre (D:4)
  Purgy (Sewer)
  A necrophage (D:6)
  A bullfrog (D:6)
  A scorpion (D:4)
  2 crimson imps (D:5)
  3 hounds
  A centaur zombie (D:5)
  An orc priest (D:4)
  4 orc wizards
  A bullfrog skeleton (D:5)
  2 iguanas
  5 worker ants
  A killer bee zombie (D:5)
  A hound skeleton (D:4)
  A howler monkey skeleton (D:4)
  8 adders
  2 shadow imps (D:5)
  A worm (D:3)
  10 leopard geckos
  12 orcs
  A ball python (D:2)
  4 giant cockroaches (D:2)
  6 goblins
  10 hobgoblins
  8 jackals
  3 quokkas
  5 bats
  2 frilled lizards (D:3)
  10 kobolds
  8 rats
117 creatures vanquished.

Vanquished Creatures (others)
  A bullfrog (D:6)
1 creature vanquished.

Grand Total: 118 creatures vanquished

Notes
Turn   | Place    | Note
-------+----------+-------------------------------------------
     0 | D:1      | Tamimi the Octopode Conjurer began the quest for the Orb.
     0 | D:1      | Reached XP level 1. HP: 11/11 MP: 3/3
   537 | D:1      | Reached XP level 2. HP: 17/17 MP: 0/5
   553 | D:1      | Learned a level 2 spell: Searing Ray
  1518 | D:2      | Reached XP level 3. HP: 15/21 MP: 0/6
  1815 | D:2      | Learned a level 3 spell: Dazzling Spray
  2002 | D:2      | Reached skill level 5 in Conjurations
  2273 | D:2      | Reached XP level 4. HP: 27/27 MP: 5/7
  2483 | D:2      | Found a hazy altar of Hepliaklqana.
  3184 | D:2      | Found a stormy altar of Qazlal.
  3184 | D:2      | Found an ornate altar of the Wu Jian Council.
  3185 | D:2      | Found an iron altar of Okawaru.
  3187 | D:2      | Found a bloodstained altar of Trog.
  3344 | D:3      | Reached skill level 1 in Hexes
  3376 | D:3      | Found a faded altar of an unknown god.
  3483 | D:3      | Noticed a dagger
  3484 | D:3      | Noticed a hand axe
  3485 | D:3      | Found a hide-covered altar of Uskayaw.
  3514 | D:3      | Reached XP level 5. HP: 15/31 MP: 6/8
  3778 | D:3      | Found a glowing drain.
  3782 | Sewer    | Entered a sewer
  3848 | Sewer    | Learned a level 3 spell: Conjure Flame
  3965 | Sewer    | Noticed Purgy
  3976 | Sewer    | Killed Purgy
  3976 | Sewer    | Reached skill level 1 in Polearms
  3976 | Sewer    | Reached skill level 1 in Fire Magic
  3976 | Sewer    | Reached XP level 6. HP: 37/37 MP: 1/10
  4475 | D:4      | Reached skill level 1 in Fighting
  4475 | D:4      | Reached skill level 6 in Conjurations
  4997 | D:4      | Reached XP level 7. HP: 28/43 MP: 0/12
  5668 | D:4      | Learned a level 2 spell: Blink
  5944 | D:5      | Entered Level 5 of the Dungeon
  6367 | D:5      | Reached skill level 1 in Translocations
  6699 | D:5      | Reached XP level 8. HP: 50/50 MP: 8/13
  7133 | D:6      | Found a staircase to the Ecumenical Temple.
  7142 | Temple   | Entered the Ecumenical Temple
  7338 | Temple   | Became a worshipper of Vehumet
  7756 | D:6      | Shot with an arrow by a centaur

Skill      XL: |  1  2  3  4  5  6  7  8 |
---------------+-------------------------+-----
Conjurations   | 5 6 |  6.6
Hexes          | 1 2 |  2.1
Polearms       | 1 2 3 4 |  4.1
Spellcasting   | 3 4 |  4.3
Fire Magic     | 1 2 3 |  3.2
Fighting       | 1 2 |  2.3
Translocations | 1 2 |  2.1
Dodging        | |  2.0
Stealth        | |  2.6

Action                   |  1- 3 |  4- 6 |  7- 9 || total
-------------------------+-------+-------+-------++-------
Melee: Unarmed           |    26 |    34 |       ||    60
       Constrict         |     4 |    18 |     7 ||    29
       Tentacles         |     3 |    13 |     5 ||    21
       Trident           |       |    33 |    31 ||    64
 Cast: Magic Dart        |    50 |    56 |    41 ||   147
       Searing Ray       |     2 |    12 |    16 ||    30
       Conjure Flame     |       |     1 |       ||     1
       Dazzling Spray    |       |     3 |     2 ||     5
  Use: Scroll            |       |     7 |       ||     7
       Potion            |       |     1 |     2 ||     3
 Stab: Sleeping          |       |     8 |     3 ||    11
  Eat: Chunk             |     3 |    11 |     9 ||    23
Armor: Skin              |     5 |     7 |     3 ||    15
Dodge: Dodged            |    21 |    34 |    42 ||    97
